 Dungeon Crawl Stone Soup version 0.29.1-12-g30fa7ad0bf (webtiles) character file.

Game seed: 5495168068198253146

41 hawla the Chiller (level 4, -19/34 HPs)
             Began as a Meteoran Ice Elementalist on Jan 9, 2023.
             Was an Initiate of Vehumet.
             Demolished by an ogre
             ... wielding a +0 giant spiked club
              (26 damage)
             ... on level 5 of the Dungeon.
             The game lasted 00:05:01 (628 turns).

hawla the Chiller (Meteoran Ice Elementalist)        Turns: 628, Time: 00:05:02

Health: -19/34     AC:  2    Str: 10    XL:     4   Next: 1%
Magic:  0/9        EV: 12    Int: 18    God:    Vehumet [......]
Gold:   83         SH:  0    Dex: 14    Spells: 5/9 levels left

rFire   . . .      SeeInvis .   (no weapon)
rCold   . . .      Faith    .   (no shield)
rNeg    . . .      Spirit   .   a - +0 robe
rPois   .          Reflect  .   (no helmet)
rElec   .          Harm     .   (no cloak)
rCorr   .          Rampage  .   (no gloves)
Will    .....                   (no boots)
Stlth   +.........              (no amulet)
HPRegen 0.11/turn               (no ring)
MPRegen 0.11/turn               (no ring)

@: freezing walls, glowing
A: sense surroundings 1, otherworldly, glowing, explore regen
a: Renounce Religion


You were on level 5 of the Dungeon.
You worshipped Vehumet.
Vehumet was noncommittal.
You visited 2 branches of the dungeon, and saw 7 of its levels.

You collected 83 gold pieces.

Inventory:

Armour
 a - a +0 robe (worn)
Jewellery
 d - a +4 ring of protection
Wands
 f - a wand of roots (12)
Scrolls
 g - a scroll of teleportation
Potions
 b - a potion of magic
 c - a potion of cancellation {unknown}
 e - a potion of degeneration {unknown}


   Skills:
 + Level 0.5 Fighting
 + Level 2.7 Dodging
 - Level 1.4 Stealth
 + Level 3.1 Spellcasting
 + Level 5.3 Ice Magic


You had 5 spell levels left.
You knew the following spells:

 Your Spells              Type           Power      Damage    Failure   Level
a - Freeze                Ice            84%        1d10      1%          1
b - Frozen Ramparts       Ice            42%        1d7       5%          3

Your spell library contained the following spells:

 Spells                   Type           Power      Damage    Failure   Level
 Ozocubu's Armour         Ice            21%        N/A       5%          3
 Dazzling Flash           Conj/Hex       4%         N/A       43%         3
 Gell's Gravitas          Tloc           2%         N/A       43%         3
 Teleport Other           Tloc           2%         N/A       43%         3
 Hailstorm                Conj/Ice       12%        3d5       47%         4
 Iskenderun's Mystic Bla  Conj/Tloc      2%         2d3       85%         4
 Dispersal                Tloc           1%         N/A       100%        6
 Starburst                Conj/Fire      1%         6d3       100%        6


Dungeon Overview and Level Annotations

Branches:
Dungeon (6/15) Zot: 3021   Temple (1/1) D:4 Zot: 550

Altars:
Hepliaklqana
Makhleb
Ru
Vehumet
Xom
The Shining One

Shops:
D:4 [*


Innate Abilities, Weirdness & Mutations

You passively map a small area around you.
You are easily found by Zot.
You glow in the dark.
You regain HP and MP as you explore.


Message History

The wall freezes the orc.
You kill the orc!
Vehumet accepts your kill.
You have reached level 4!
The frozen ramparts melt away.
You climb upwards.
There is a stone staircase leading down here.
Casting: Freeze (safe; 1% risk of failure)
Confirm with . or Enter, or press ? or * to list all spells.
Casting: Frozen Ramparts (dangerous; 5% risk of failure)
Press: ? - help, Dir - look around, f - activate A stone staircase leading down.
The walls around you are covered in ice.
The wall freezes the hound.
The hound completely misses you.
Casting: Frozen Ramparts (dangerous; 5% risk of failure)
Confirm with . or Enter, or press ? or * to list all spells.
Aiming: Freeze (safe; 1% risk of failure)
Press: ? - help, Shift-Dir - straight line, f - ogre
Aim: an ogre, wielding a +0 giant spiked club You freeze the ogre!
The ogre is moderately wounded.
The wall freezes the hound.
The hound bites you.
* * * LOW HITPOINT WARNING * * *
The wall freezes the ogre.
The ogre barely misses you.
The wall freezes the hound but does no damage.
The hound bites you.
* * * LOW HITPOINT WARNING * * *
Casting: Freeze (safe; 1% risk of failure)
Confirm with . or Enter, or press ? or * to list all spells.
Aiming: Freeze (safe; 1% risk of failure)
Press: ? - help, Shift-Dir - straight line, f/p - ogre
Aim: an ogre, wielding a +0 giant spiked club (moderately wounded)
You freeze the ogre.
The ogre is moderately wounded.
The wall freezes the hound.
You kill the hound!
Vehumet accepts your kill.
The wall freezes the ogre.
The ogre hits you with a +0 giant spiked club!!
Ouch! That really hurt!
You die...

....####* , ........
,.# ........ * .###
#.........# ... *
#...#.....# #.#
##...#.*#..#####..# *
.......*##...##..#
#.....##.......O#
#.....#..#####@.#*
#........## #†...#
.###......####.###..#
* ###........## ## *
##...##...# , *
##.........# * ,
###........##. ,
###.........## , *
#.......#......, *


You could see an ogre.

Vanquished Creatures
  A hound (D:5)
  2 adders (D:3)
  3 orcs (D:6)
  3 endoplasms
  2 giant cockroaches (D:1)
  2 goblins (D:4)
  A hobgoblin (D:1)
  A quokka (D:3)
  A frilled lizard (D:1)
  A kobold (D:4)
  4 rats
21 creatures vanquished.

Notes
Turn   | Place    | Note
-------+----------+-------------------------------------------
     0 | D:1      | hawla the Meteoran Ice Elementalist began the quest for the
                  | Orb.
     0 | D:1      | Reached XP level 1. HP: 14/14 MP: 5/5
    99 | D:1      | Reached XP level 2. HP: 18/20 MP: 2/6
   224 | D:3      | Reached skill level 5 in Ice Magic
   224 | D:3      | Reached XP level 3. HP: 26/26 MP: 6/8
   278 | D:3      | Learned a level 3 spell: Frozen Ramparts
   352 | D:3      | Found a hazy altar of Hepliaklqana.
   354 | D:3      | Found a faded altar of an unknown god.
   409 | D:4      | Found a staircase to the Ecumenical Temple.
   422 | D:4      | Found Qigg's Armour Shop.
   424 | Temple   | Entered the Ecumenical Temple
   449 | Temple   | Became a worshipper of Vehumet
   508 | D:4      | Found Bit Ris's General Store.
   599 | D:5      | Entered Level 5 of the Dungeon
   620 | D:6      | Noticed an ogre
   623 | D:6      | Noticed a sky beast
   625 | D:6      | Reached XP level 4. HP: 11/34 MP: 4/9
   628 | D:5      | Demolished by an ogre

Illustrated notes

Levels and vault maps discovered:
D:1:      sevenhm_arrival_forest_fort_small_6, layout_basic,
          hellmonk_ecumenical_altar_defaced_shrine
D:2:      layout_basic, uniq_natasha
D:3:      layout_rooms, nicolae_overflow_ecumenical_swirl
D:4:      layout_loops_corners, zin_scriptorium,
          minmay_temple_entry_statues_fountains, serial_shops, shop,
          nicolae_shop_crystal, gammafunk_ghost_grave,
          hangedman_decor_clover_reticule
D:5:      layout_layer_cave, nicolae_sextant, hangedman_decor_riveting,
          uniq_ijyb, uniq_sigmund
D:6:      layout_basic, overflow_temple_1_default, grunt_decor_junction,
          grunt_ministairs_1
Temple:   cyrus_temple_forest

Skill      XL: |  1  2  3 |
---------------+----------+-----
Ice Magic      | 5 |  5.3
Spellcasting   | 3 |  3.1
Fighting       | |  0.5
Dodging        | |  2.7
Stealth        | |  1.4

Action                   |  1- 3 |  4- 6 || total
-------------------------+-------+-------++-------
Melee: Unarmed           |     7 |       ||     7
 Cast: Freeze            |    18 |     2 ||    20
       Frozen Ramparts   |     5 |     1 ||     6
  Use: Scroll            |     5 |       ||     5
Armor: Robe              |     3 |       ||     3
Dodge: Dodged            |    24 |     2 ||    26
